 Dungeon Crawl Stone Soup version 0.26-a0-1129-gc5df7fbe6a (webtiles) character file.

Game seed: 17077117154666080716

18032 IdlyInterested the Basher (level 12, -9/71 HPs)
             Began as a Gargoyle Fighter on Dec 17, 2020.
             Was a High Priest of Qazlal.
             Mangled by an orc warlord
             ... wielding a +0 glaive
              (11 damage)
             ... on level 1 of the Orcish Mines on Dec 18, 2020.
             The game lasted 01:11:13 (11067 turns).

IdlyInterested the Basher (Gargoyle Fighter)       Turns: 11067, Time: 01:11:13

Health: -9/71      AC: 51    Str: 27    XL:     12   Next: 54%
Magic:  13/17      EV: 14    Int: 13    God:    Qazlal [*****.]
Gold:   1231       SH: 21    Dex: 16    Spells: 11/11 levels left

rFire    . . .     SeeInvis .   Y - +2 morningstar of Freehold {flame, +Rage}
rCold    + . .     Faith    .   i - +2 kite shield
rNeg     + . .     Spirit   .   L - +15 Maxwell's patent armour {-Cast -Tele rElec Will+ rCorr}
rPois    ∞         Reflect  .   j - +2 helmet
rElec    +         Harm     .   (no cloak)
rCorr    +         Rampage  .   b - +4 pair of gloves of Peru {Dex+3}
Will     +....     Rnd*Rage +   U - +2 pair of boots Stlth ..........NoTele +
                                E - amulet of regeneration
HPRegen  0.61/turn NoCast   +   H - ring of Wyemp {rC+ Str+6 Int+4 Stlth+}
MPRegen  0.15/turn              n - +4 ring of evasion

@: protected from physical damage, repel missiles
A: berserk 1, negative energy resistance 1, screaming 1, electricity resistance,
unbreathing, petrification resistance, miasma immunity, AC +8
a: Renounce Religion, Evoke Berserk Rage, Upheaval, Elemental Force, Disaster
Area


You were on level 1 of the Orcish Mines.
You worshipped Qazlal.
Qazlal was extremely pleased with you.
You visited 3 branches of the dungeon, and saw 12 of its levels.
You also visited: Ossuary, Bailey and Volcano.

You collected 1321 gold pieces.
You spent 90 gold pieces at shops.

Inventory:

Hand Weapons
 a - a +4 flail
 z - a +2 whip of freezing
 D - a +2 whip of electrocution
 G - a +2 morningstar of holy wrath
 Y - the +2 morningstar of Freehold (weapon) {flame, +Rage}
   (You found it on level 10 of the Dungeon)

   It has been specially enchanted to burn those struck by it, causing extra
   injury to most foes and up to half again as much damage against particularly
   susceptible opponents.
   It lets you go berserk.
Missiles
 f - 349 stones
 q - 3 javelins
 r - 19 boomerangs
 x - 32 poisoned darts
 T - 7 datura-tipped darts
Armour
 b - the +4 pair of gloves of Peru (worn) {Dex+3}
   (You found it on level 3 of the Dungeon)

   It affects your dexterity (+3).
 i - a +2 kite shield (worn)
 j - a +2 helmet (worn)
 K - the +2 robe "Fopusur" {*Slow rElec rN+++ Str+3}
   (You found it on level 8 of the Dungeon)

   It affects your strength (+3).
   It insulates you from electricity.
   It renders you almost immune to negative energy.
   It may slow you when you take damage.
 L - the +15 Maxwell's patent armour (worn) {-Cast -Tele rElec Will+ rCorr}
   (You found it on level 9 of the Dungeon)

   It insulates you from electricity.
   It affects your willpower, your defense against some magical effects.
   It prevents spellcasting.
   It prevents most forms of teleportation.
   It provides partial protection from all sources of acid and corrosion.
 R - a +3 ring mail of cold resistance
 U - a +2 pair of boots (worn)
 W - a +3 chain mail of fire resistance
 Z - +0 steam dragon scales
Magical Staves
 J - an uncursed staff of death
Jewellery
 n - a +4 ring of evasion (right hand)
 u - an uncursed ring of see invisible
 v - an uncursed ring of fire
 w - an uncursed ring of fire
 E - an amulet of regeneration (around neck)
 H - the ring of Wyemp (left hand) {rC+ Str+6 Int+4 Stlth+}
   (You found it on level 7 of the Dungeon)

   [ring of strength]

   It affects your strength (+6).
   It affects your intelligence (+4).
   It protects you from cold.
   It makes you more stealthy.
 I - an uncursed ring of flight
Wands
 c - a wand of iceblast (8)
 e - a wand of paralysis (14)
 p - a wand of digging (2)
 B - a wand of acid (10)
 C - a wand of flame (3) (quivered)
 V - a wand of polymorph (3)
Scrolls
 g - 7 scrolls of identify
 h - 8 scrolls of remove curse
 l - 5 scrolls of fear
 o - 8 scrolls of teleportation
 s - 4 scrolls of enchant weapon
 N - a scroll of acquirement
 O - a scroll of holy word {unknown}
 S - a scroll of amnesia
Potions
 d - a potion of might
 k - 10 potions of curing
 m - 2 potions of attraction
 A - a potion of invisibility
 F - a potion of berserk rage
 M - a potion of magic
 P - 5 potions of resistance


   Skills:
 + Level 6.4 Fighting
 + Level 10.1 Maces & Flails
 + Level 3.4 Throwing
 + Level 6.2 Armour
 * Level 6.9 Dodging
 + Level 10.0 Shields
 * Level 7.0 Invocations
 * Level 7.6 Evocations


You had 11 spell levels left.
You didn't know any spells.
Your spell library contained the following spells:

 Spells                   Type           Power        Failure   Level
 Foxfire                  Conj/Fire      0%           100%        1
 Magic Dart               Conj           0%           100%        1
 Summon Small Mammal      Summ           0%           100%        1
 Blink                    Tloc           N/A          100%        2
 Call Imp                 Summ           0%           100%        2
 Slow                     Hex            0%           100%        2
 Call Canine Familiar     Summ           0%           100%        3
 Conjure Flame            Conj/Fire      0%           100%        3
 Mephitic Cloud           Conj/Pois/Air  0%           100%        3
 Summon Guardian Golem    Hex/Summ       0%           100%        3
 Cause Fear               Hex            0%           100%        4
 Summon Ice Beast         Ice/Summ       0%           100%        4
 Summon Lightning Spire   Summ/Air       0%           100%        4
 Dragon Form              Tmut           0%           100%        7
 Dragon's Call            Summ           0%           100%        9


Dungeon Overview and Level Annotations

Branches:
Dungeon (10/15)            Temple (1/1) D:5            Lair (0/6) D:10
    Orc (1/2) D:9         Ossuary (visited)          Bailey (visited)
Volcano (visited)

Altars:
Ashenzari
Cheibriados
Dithmenos
Elyvilon
Fedhas
Gozag
Hepliaklqana
Kikubaaqudgha
Makhleb
Nemelex Xobeh
Okawaru
Qazlal
Ru
Sif Muna
Trog
Uskayaw
Vehumet
Wu Jian
Xom
Yredelemnul
Zin
The Shining One
Jiyva

Shops:
D:8 }

Annotations:
D:4 1 runed translucent door


Innate Abilities, Weirdness & Mutations

You are resistant to torment.
Your stone body is resilient. (AC +8)
You are immune to poison.
You resist negative energy. (rN+)
You are resistant to electric shocks. (rElec)
You can survive without breathing.
You are immune to petrification.
You are immune to miasma.
You tend to lose your temper in combat.
You occasionally shout uncontrollably at your foes.


Message History

The orc is severely wounded.
You block the ogre's attack. The troll closely misses you.
You block the troll's attack. x2
The orc warlord hits you but does no damage.
You puncture the orc! You burn the orc.
You kill the orc!
Qazlal accepts your kill. You block the ogre's attack.
You block the troll's attack.
The troll claws you but does no damage. x2
The orc warlord hits you but does no damage.
The orc priest calls down the wrath of Beogh upon you.
Beogh smites you!
* * * LOW HITPOINT WARNING * * *
You block the orc's attack. You block the troll's attack.
The troll claws you but does no damage. The troll closely misses you.
Things that are here:
a +0 flail; a +0 ring mail; an orc corpse You barely miss the orc warlord.
The orc warlord hits you with a +0 glaive!
You die...

##.............#..#.,,,,,*
#...#.#..........o..,,*,**
##.#................,****
####...oo........#.**
#....#...o......**
*#....###oo###...,*
*...##* #oo# **#.** *#o#*
#oo####*** ***,,**
##T@☼≈≈# **,,,,,* #.○O≈☼§#
*,,,,,** ##☼o≈≈##
**,,,,,*** #○.###***
***,,,,,* #..#***,**
**,,,,,**#..#*,,,,*
*,,,,,,,,#..$,,,,**
**,*,,,,,.....,**,**
****,,,,,,.....,,,,,*


You could see an orc warlord, a troll, an ogre, an orc priest (strong) and 6
orcs.

Vanquished Creatures
  A stone giant (Orc:1)
  A two-headed ogre (D:9)
  2 skeletal warriors (Volcano)
  An obsidian statue (D:7)
  Pikel (D:5)
  3 orc knights (Bailey)
  An orc sorcerer (Bailey)
  An anaconda skeleton (Volcano)
  A centaur zombie (D:10)
  5 gargoyles (Volcano)
  A kobold demonologist (Bailey)
  2 trolls (D:9)
  2 harpy skeletons (Volcano)
  3 flying skulls (Volcano)
  An alligator skeleton (Volcano)
  A wyvern (D:10)
  Grum (D:9)
  4 yaks (D:9)
  3 basilisks (D:10)
  A steam dragon (D:10)
  The ghost of CowFu the Cudgeller, an amateur GrFi (D:4)
  Duvessa (D:6)
  A water moccasin (D:9)
  A sky beast (D:5)
  A swamp drake (D:9)
  An ice beast (D:9)
  8 ogres
  12 orc warriors
  A black bear (D:9)
  2 phantoms
  4 wolves (D:9)
  4 centaurs
  2 lemures (D:5)
  The ghost of stormannn the Sneak, an amateur OpFE (D:3)
  3 big kobolds
  Blork the orc (D:5)
  2 gnoll sergeants
  6 bullfrogs
  Dowan (D:6)
  3 scorpions
  A water moccasin skeleton (D:9)
  3 killer bees (D:8)
  12 wights
  3 troll skeletons (Volcano)
  7 electric eels
  A howler monkey (D:5)
  2 spriggan skeletons (Volcano)
  A quasit (D:8)
  6 orc priests
  A bullfrog skeleton (D:10)
  2 centaur skeletons
  5 hounds
  6 jellies
  A water moccasin simulacrum (D:3)
  5 iguanas
  9 orc wizards
  5 worker ants
  2 naga skeletons (Volcano)
  2 hound zombies
  9 mummies
  15 gnolls
  11 adders
  A hound simulacrum (D:3)
  A river rat (D:4)
  A shadow imp (D:10)
  3 white imps
  2 ufetubi
  7 oozes
  3 adder skeletons
  3 adder zombies
  5 worms
  2 dart slugs (D:1)
  7 leopard geckos
  55 orcs
  5 ball pythons
  4 giant cockroaches
  3 gnoll zombies (Ossuary)
  15 goblins
  4 hobgoblins
  22 jackals
  3 quokkas
  6 bats
  2 hobgoblin zombies (Ossuary)
  A jackal zombie (D:5)
  20 kobolds
  A kobold zombie (Ossuary)
  A leopard gecko simulacrum (D:3)
  A leopard gecko zombie (D:6)
  2 orc zombies (Ossuary)
  A quokka simulacrum (D:3)
  11 rats
393 creatures vanquished.

Vanquished Creatures (collateral kills)
  An orc warrior (Orc:1)
  An orc (Orc:1)
2 creatures vanquished.

Vanquished Creatures (others)
  2 goblins (Bailey)
  A hobgoblin (Bailey)
  4 fungi (D:5)
7 creatures vanquished.

Grand Total: 402 creatures vanquished

Notes
Turn   | Place    | Note
-------+----------+-------------------------------------------
     0 | D:1      | IdlyInterested the Gargoyle Fighter began the quest for the
                  | Orb.
     0 | D:1      | Reached XP level 1. HP: 14/14 MP: 1/1
   122 | D:1      | Reached XP level 2. HP: 19/19 MP: 2/2
   182 | D:1      | Reached XP level 3. HP: 23/23 MP: 3/3
  1118 | D:2      | Reached skill level 1 in Dodging
  1118 | D:2      | Reached XP level 4. HP: 17/28 MP: 4/4
  1823 | D:3      | Found a runed translucent gate.
  1823 | D:3      | Found a runed translucent gate.
  1823 | D:3      | Found a runed translucent gate.
  1832 | D:3      | Reached skill level 1 in Evocations
  1869 | D:3      | Noticed stormannn's ghost (amateur OpFE)
  2073 | D:3      | Reached XP level 5. HP: 29/32 MP: 5/5
  2321 | D:3      | Found a sparkling altar of Nemelex Xobeh.
  2321 | D:3      | Found a transporter.
  2321 | D:3      | Noticed an orc warrior
  2334 | D:3      | Got a pair of steaming gloves
  2348 | D:3      | Identified the +4 pair of gloves of Peru {Dex+3} (You found
                  | it on level 3 of the Dungeon)
  2557 | D:3      | Killed stormannn's ghost
  2558 | D:3      | Reached XP level 6. HP: 38/38 MP: 6/6
  2734 | D:4      | Noticed a phantom
  2771 | D:4      | Killed a phantom
  2772 | D:4      | Reached skill level 1 in Throwing
  2772 | D:4      | Reached XP level 7. HP: 41/42 MP: 7/7
  3113 | D:4      | Found a runed translucent door.
  3114 | D:4      | Noticed CowFu's ghost (amateur GrFi)
  3136 | D:4      | Killed CowFu's ghost
  3137 | D:4      | Reached skill level 5 in Shields
  3167 | D:4      | Found a runed translucent door.
  3292 | D:5      | Entered Level 5 of the Dungeon
  3307 | D:5      | Reached XP level 8. HP: 43/48 MP: 8/8
  3345 | D:5      | Reached skill level 5 in Maces & Flails
  3694 | D:5      | Found a sparkling altar of Nemelex Xobeh.
  3694 | D:5      | Noticed Pikel
  3695 | D:5      | Found a blossoming altar of Fedhas.
  3695 | D:5      | Found a sacrificial altar of Ru.
  3695 | D:5      | Found a white marble altar of Elyvilon.
  3719 | D:5      | Killed Pikel
  3720 | D:5      | Reached skill level 5 in Armour
  3751 | D:5      | Found a staircase to the Ecumenical Temple.
  3760 | Temple   | Entered the Ecumenical Temple
  3779 | Temple   | Became a worshipper of Qazlal Stormbringer
  3835 | D:5      | Reached XP level 9. HP: 52/52 MP: 9/9
  3926 | D:5      | Noticed Blork the orc
  3940 | D:5      | Killed Blork the orc
  4420 | D:6      | Found a sand-covered staircase.
  4445 | Ossuary  | Entered an ossuary
  4490 | Ossuary  | Reached * piety under Qazlal
  4930 | D:6      | Noticed Dowan
  4930 | D:6      | Noticed Duvessa
  4954 | D:6      | Killed Duvessa
  4956 | D:6      | Killed Dowan
  5108 | D:6      | Found a white marble altar of Elyvilon.
  5675 | D:6      | Upgraded the game from 0.26-a0-1126-g3318b609a0 to
                  | 0.26-a0-1129-gc5df7fbe6a
  5716 | D:7      | Reached ** piety under Qazlal
  5748 | D:7      | Found Zin's Purification Station.
  5751 | D:7      | Found a glowing silver altar of Zin.
  5769 | D:7      | Bought a potion of curing for 90 gold pieces
  6132 | D:7      | Found an opulent altar of Gozag.
  6132 | D:7      | Found an ornate altar of the Wu Jian Council.
  6179 | D:7      | Reached skill level 1 in Invocations
  6913 | D:7      | Noticed an obsidian statue
  6915 | D:7      | Noticed a smoke demon
  6916 | D:7      | Noticed a rust devil
  6916 | D:7      | Noticed a soul eater
  6940 | D:7      | Gained mutation: You occasionally shout uncontrollably at
                  | your foes. [a neqoxec]
  6941 | D:7      | Noticed an orange demon
  6941 | D:7      | Noticed a smoke demon
  6941 | D:7      | Gained mutation: You tend to lose your temper in combat. [a
                  | neqoxec]
  6945 | D:7      | Killed an obsidian statue
  6946 | D:7      | Reached skill level 5 in Fighting
  6946 | D:7      | Reached skill level 5 in Evocations
  6946 | D:7      | Reached XP level 10. HP: 37/59 MP: 11/11
  6956 | D:7      | Got a brightly glowing golden ring
  7015 | D:7      | Identified the ring of Wyemp {rC+ Str+6 Int+4 Stlth+} (You
                  | found it on level 7 of the Dungeon)
  7083 | D:8      | Reached skill level 5 in Dodging
  7155 | D:8      | Found Quqel's Gadget Shoppe.
  7274 | D:8      | Found a basalt altar of Yredelemnul.
  7530 | D:8      | Found an ancient bone altar of Kikubaaqudgha.
  7635 | D:8      | Got a crude robe
  7763 | D:8      | Identified the +2 robe "Fopusur" {*Slow rElec rN+++ Str+3}
                  | (You found it on level 8 of the Dungeon)
  7844 | D:9      | Found the +15 Maxwell's patent armour {-Cast -Tele rElec
                  | Will+ rCorr}
  7846 | D:9      | Reached *** piety under Qazlal
  7972 | D:9      | Found a staircase to the Orcish Mines.
  8176 | D:9      | Found a flagged portal.
  8192 | Bailey   | Entered a bailey
  8206 | Bailey   | Reached **** piety under Qazlal
  8226 | Bailey   | Noticed a kobold demonologist
  8236 | Bailey   | Killed a kobold demonologist
  8237 | Bailey   | Noticed an orc sorcerer
  8249 | Bailey   | Killed an orc sorcerer
  8250 | Bailey   | Reached XP level 11. HP: 45/64 MP: 14/14
  8277 | Bailey   | Noticed an orc knight
  8288 | Bailey   | Killed an orc knight
  8301 | Bailey   | Found an iron altar of Okawaru.
  8304 | Bailey   | Noticed an orc knight
  8330 | Bailey   | Killed an orc knight
  8423 | Bailey   | Reached skill level 5 in Invocations
  8585 | Bailey   | Noticed an orc knight
  8603 | Bailey   | Killed an orc knight
  8990 | D:9      | Noticed Grum
  8998 | D:9      | Killed Grum
  9000 | D:9      | Reached ***** piety under Qazlal
  9348 | D:9      | Noticed a two-headed ogre
  9358 | D:9      | Killed a two-headed ogre
  9464 | D:9      | Found a viscous altar of Jiyva.
  9727 | D:10     | Entered Level 10 of the Dungeon
 10050 | D:10     | Got an iridescent morningstar
 10051 | D:10     | Identified the +2 morningstar of Freehold {flame, +Rage}
                  | (You found it on level 10 of the Dungeon)
 10319 | D:10     | Found a staircase to the Lair.
 10558 | Orc:1    | Entered Level 1 of the Orcish Mines
 10565 | Orc:1    | Found a dark tunnel.
 10568 | Orc:1    | Noticed a stone giant
 10574 | Orc:1    | Noticed an orc warlord
 10575 | Volcano  | Entered a volcano
 10593 | Volcano  | Reached XP level 12. HP: 39/70 MP: 16/16
 11047 | Orc:1    | Killed a stone giant
 11048 | Orc:1    | Reached skill level 10 in Maces & Flails
 11048 | Orc:1    | Reached skill level 10 in Shields
 11066 | Orc:1    | HP: 2/71 [orc priest/divine providence[an orc warlord]
                  | (14)]
 11067 | Orc:1    | Mangled by an orc warlord

Illustrated notes

Levels and vault maps discovered:
D:1:      lightli_arrival_windingriver, layout_loops_ring
D:2:      layout_loops_cross
D:3:      layout_loops_ring, gammafunk_ghost_icy, grunt_nemelex_the_gamble
D:4:      layout_rooms, ebering_ghost_sewer_f
D:5:      layout_basic, chequers_temple_overflow_statue_of_worship,
          minmay_temple_entry_statues_fountains, nrook_mini_vaults,
          water_boxes_lemuel, uniq_pikel, uniq_blork_the_orc
D:6:      layout_loops_cross, basic_altar, gup_ossuary_entry_pyramid,
          hangedman_decor_diamond_cutter, kennysheep_doodads, uniq_duvessa
D:7:      statuecave_lemuel, layout_basic, amethyst_overflow_temple_binary,
          zin_purify
D:8:      layout_loops_cross, kennysheep_mini, lemuel_round_altar, serial_shops,
          shop, kennysheep_generic_room_5
D:9:      layout_layer_cave, erik_orc_1, enter_bailey_2,
          small_statue_intersection, hangedman_little_slice_of_home, uniq_grum
D:10:     layout_roguey, erik_lair_dragon
Temple:   cyrus_circular_temple
Orc:1:    layout_caves, nicolae_volcano_entry_hallway, serial_shops,
          nicolae_shop_crystal

Skill      XL: |  1  2  3  4  5  6  7  8  9 10 11 12 |
---------------+-------------------------------------+-----
Dodging        | 1 2 3 4 5 6 |  6.9
Evocations     | 1 2 3 5 7 |  7.6
Armour         | 4 5 6 |  6.2
Maces & Flails | 3 4 5 7 8 9 10 | 10.1
Shields        | 4 5 7 8 9 10 | 10.0
Throwing       | 1 2 3 |  3.4
Fighting       | 4 5 6 |  6.4
Invocations    | 2 4 6 7 |  7.0

Action                   |  1- 3 |  4- 6 |  7- 9 | 10-12 || total
-------------------------+-------+-------+-------+-------++-------
Melee: Flail             |   104 |   221 |   155 |       ||   480
       Whip              |       |     2 |   322 |    12 ||   336
       Morningstar       |       |       |    22 |   565 ||   587
Throw: Stone             |    70 |    45 |    42 |       ||   157
       Javelin           |     3 |       |    12 |       ||    15
       Dart              |       |       |    58 |    20 ||    78
       Boomerang         |       |       |    15 |     1 ||    16
Invok: Elemental Force   |       |       |       |     1 ||     1
 Abil: Evoke Flight      |       |       |       |     5 ||     5
Evoke: Wand              |       |       |    23 |    53 ||    76
  Use: Scroll            |     5 |     5 |     6 |     6 ||    22
       Potion            |       |       |     9 |     3 ||    12
 Stab: Confused          |       |       |       |     3 ||     3
Armor: Scale mail        |    62 |    55 |       |       ||   117
       Chain mail        |       |    53 |    35 |       ||    88
       Swamp dragon scal |       |       |    69 |       ||    69
       Ring mail         |       |       |    36 |    93 ||   129
       Plate armour      |       |       |       |    86 ||    86
       Skin              |       |       |       |     1 ||     1
Dodge: Dodged            |    31 |    86 |   196 |   264 ||   577
       Repelled          |       |       |       |     4 ||     4
Block: Kite shield       |    61 |   149 |   306 |   701 ||  1217

Table legend: (Time is in decaauts)
 A = Elapsed time spent in this place.
 B = Non-inter-level travel time spent in this place.
 C = Inter-level travel time spent in this place.
 D = Time resting spent in this place.
 E = Time spent auto-exploring this place.
 F = Levels seen in this place.
 G = Mean time per level.
                   A        B        C        D        E       F      G
               +--------+--------+--------+--------+--------+-----+--------+
         Total |  11273 |  10637 |    636 |    866 |   5668 |  15 |  751.5 |
       Dungeon |   9480 |   8847 |    633 |    630 |   5419 |  10 |  948.0 |
        Temple |     66 |     66 |      0 |      0 |     37 |   1 |   66.0 |
  Orcish Mines |     45 |     43 |      2 |      0 |      0 |   1 |   45.0 |
       Ossuary |    394 |    394 |      0 |     88 |    157 |   1 |  394.0 |
        Bailey |    802 |    802 |      0 |    135 |      0 |   1 |  802.0 |
       Volcano |    483 |    483 |      0 |     13 |     55 |   1 |  483.0 |
               +--------+--------+--------+--------+--------+-----+--------+

Top non-repeatable levels by time:
     D:7: 1354 daAuts
     D:9: 1174 daAuts
     D:2: 1130 daAuts
     D:5: 1113 daAuts
     D:3: 957 daAuts
     D:6: 807 daAuts
  Bailey: 802 daAuts
    D:10: 800 daAuts
     D:8: 788 daAuts
     D:4: 701 daAuts
     D:1: 652 daAuts
 Volcano: 483 daAuts
 Ossuary: 394 daAuts
  Temple: 66 daAuts
   Orc:1: 45 daAuts
